 Dungeon Crawl Stone Soup version 0.29.1-13-g9f3cf754e1 (webtiles) character file.

Game seed: 5235131421630463663

1018 H0rd4k the Insei (level 8, 0/54 HPs)
             Began as an Octopode Artificer on Jan 20, 2023.
             Slain by an orc warrior
             ... wielding a +0 trident
              (7 damage)
             ... on level 6 of the Dungeon on Jan 23, 2023.
             The game lasted 00:06:31 (6619 turns).

H0rd4k the Insei (Octopode Artificer)               Turns: 6619, Time: 00:06:32

Health: 0/54       AC:  1    Str: 12    XL:     8   Next: 22%
Magic:  22/22      EV: 13    Int: 15    God:
Gold:   241        SH:  0    Dex: 12    Spells: 14/14 levels left

rFire   . . .      SeeInvis .     - Unarmed
rCold   . . .      Faith    .   (no shield)
rNeg    . . .      Spirit   .   (helmet restricted)
rPois   +          Reflect  .   (no amulet)
rElec   .          Harm     .   e - ring of magical power
rCorr   .          Rampage  .   a - ring of poison resistance
Will    .....                   (no ring)
Stlth   +++.......              (no ring)
HPRegen 0.18/turn               (no ring)
MPRegen 0.18/turn               (no ring)
                                (no ring)
                                (no ring)

@: no status effects
A: almost no armour, amphibious, 8 rings, camouflage 1, gelatinous body 1,
(nimble swimmer 1), tentacles
a: no special abilities


You were on level 6 of the Dungeon.
You visited 1 branch of the dungeon, and saw 6 of its levels.

You collected 241 gold pieces.

Inventory:

Magical Staves
 m - a staff of fire
Jewellery
 a - a ring of poison resistance (right tentacle)
 e - a ring of magical power (left tentacle)
Wands
 c - a wand of charming (8)
 d - a wand of iceblast (1)
Scrolls
 b - a scroll of torment {unknown}
 f - 6 scrolls of teleportation {unknown}
 j - 3 scrolls of immolation {unknown}
 k - a scroll of blinking {unknown}
 l - 3 scrolls of identify {unknown}
 n - a scroll of acquirement {unknown}
 p - a scroll of vulnerability {unknown}
Potions
 g - 2 potions of lignification {unknown}
 h - 5 potions of curing {unknown}
 i - 2 potions of might {unknown}
 o - 2 potions of resistance {unknown}
 q - a potion of flight {unknown}
 r - a potion of brilliance {unknown}


   Skills:
 * Level 4.2 Fighting
 - Level 2.3 Dodging
 - Level 1.3 Stealth
 + Level 6.9 Unarmed Combat
 * Level 3.6 Spellcasting
 - Level 3.2 Evocations


You had 14 spell levels left.
You didn't know any spells.
Your spell library contained the following spells:

 Spells                   Type           Power      Damage    Failure   Level
 Magic Dart               Conj           8%         1d3       19%         1
 Summon Small Mammal      Summ           8%         N/A       19%         1
 Call Imp                 Summ           2%         N/A       28%         2
 Static Discharge         Conj/Air       2%         3-4/arc   28%         2
 Sublimation of Blood     Necr           2%         N/A       28%         2
 Call Canine Familiar     Summ           2%         N/A       50%         3
 Dazzling Flash           Conj/Hex       4%         N/A       50%         3
 Mephitic Cloud           Conj/Pois/Air  2%         N/A       50%         3
 Summon Guardian Golem    Hex/Summ       2%         N/A       50%         3
 Dispel Undead            Necr           2%         3d7       88%         4
 Fulminant Prism          Conj/Hex       1%         3d6       88%         4
 Iskenderun's Mystic Bla  Conj/Tloc      2%         2d3       88%         4
 Petrify                  Tmut/Erth      2%         N/A       88%         4
 Sticky Flame             Conj/Fire      2%         2d3       88%         4
 Agony                    Necr           2%         N/A       99%         5
 Irradiate                Conj/Tmut      1%         3d12      99%         5
 Lee's Rapid Deconstruct  Erth           1%         3d5*      99%         5
 Silence                  Hex/Air        1%         N/A       99%         5


Dungeon Overview and Level Annotations

Branches:
Dungeon (6/15)
 Temple: D:4-7

Altars:
Cheibriados
Elyvilon
Kikubaaqudgha
Nemelex Xobeh
Qazlal
Trog
The Shining One

Annotations:
D:2 exclusion: downstairs
D:5 exclusions: black bear and upstairs


Innate Abilities, Weirdness & Mutations

You cannot wear most types of armour.
You are amphibious.
You can wear up to eight rings at the same time.
Your skin changes colour to match your surroundings (Stealth+).
Your rubbery body absorbs attacks. (AC +1, EV +1)
((You are camouflaged when in or above water. (Stealth+)))
You have tentacles for arms and can constrict up to eight enemies at once.


Message History

The orc priest is moderately wounded.
You constrict the orc priest, but do no damage.
The orc warrior hits you with a +0 trident!
The orc priest barely misses you.
You hear a shout!
You tentacle-slap the orc priest but do no damage.
The orc priest is moderately wounded.
You constrict the orc priest, but do no damage.
The orc warrior closely misses you.
The orc priest invokes the aid of Beogh against you.
Beogh smites you!
Aiming: Charm
Press: ? - help, Shift-Dir - straight line, f - orc priest
Aim: an orc priest, wielding a +0 club and wearing a +0 leather armour (moderately wounded, constricted by you, chance to affect: 57%)
The orc priest resists with significant effort.
You constrict the orc priest. The orc priest hits you with a +0 club.
* * * LOW HITPOINT WARNING * * *
Aiming: Charm
Press: ? - help, Shift-Dir - straight line, f/p - orc priest
Aim: an orc priest, wielding a +0 club and wearing a +0 leather armour (heavily wounded, constricted by you, chance to affect: 57%)
The orc priest resists with significant effort.
You constrict the orc priest, but do no damage.
The orc priest closely misses you.
An orc comes into view. It is wielding a +0 club.
The orc warrior hits you with a +0 trident.
* * * LOW HITPOINT WARNING * * *
Aiming: Charm
Press: ? - help, Shift-Dir - straight line, f/p - orc priest
Aim: an orc priest, wielding a +0 club and wearing a +0 leather armour (heavily wounded, constricted by you, chance to affect: 57%)
The orc priest is charmed.
You release your grip on your orc priest.
The orc barely misses you.
The orc warrior hits you with a +0 trident.
* * * LOW HITPOINT WARNING * * *
Okay, then.
You swap places.
You hear the slow hiss of a distant avalanche of sand.
The orc closely misses your orc priest.
The orc warrior hits you from afar with a +0 trident!
You die...

##...####...$.....####....
##..# ##.......## ##...
##.# ##.....## #... ..#
##..!## ###. ### ##.# #.
#.# #. #.# #. ########.##
#. #...@oo...## #.
#.####o....#########.
....o..#..............
##.###.##..###########
#.....# ####.## ..# ####


You could see an orc warrior, an orc and a friendly orc priest (charmed).

Vanquished Creatures
  A water moccasin (D:5)
  A phantom (D:5)
  2 necrophages
  3 scorpions (D:5)
  A killer bee (D:5)
  A hound (D:5)
  An orc priest (D:2)
  A jelly (D:6)
  Ijyb (D:5)
  4 orc wizards
  Robin (D:4)
  6 adders
  2 worms (D:4)
  3 dart slugs (D:2)
  12 orcs
  7 endoplasms
  5 giant cockroaches (D:1)
  15 goblins
  7 hobgoblins
  12 jackals
  7 kobolds
  A quokka (D:2)
  4 ball pythons
  4 bats
  2 frilled lizards
  5 rats
109 creatures vanquished.

Vanquished Creatures (collateral kills)
  A kobold brigand (D:5)
  A worm (D:2)
  An orc (D:4)
  3 kobolds (D:5)
6 creatures vanquished.

Vanquished Creatures (others)
  2 killer bees (D:5)
2 creatures vanquished.

Grand Total: 117 creatures vanquished

Notes
Turn   | Place    | Note
-------+----------+-------------------------------------------
     0 | D:1      | H0rd4k the Octopode Artificer began the quest for the Orb.
     0 | D:1      | Reached XP level 1. HP: 13/13 MP: 1/1
   232 | D:1      | Reached XP level 2. HP: 12/18 MP: 2/2
   661 | D:1      | Reached skill level 1 in Spellcasting
  1200 | D:1      | Reached XP level 3. HP: 23/24 MP: 4/4
  1467 | D:1      | Reached skill level 1 in Unarmed Combat
  1757 | D:1      | Found a faded altar of an unknown god.
  2244 | D:2      | Identified the +0 leather armour of Yqamukerr {Harm}
  2335 | D:2      | Reached XP level 4. HP: 30/30 MP: 6/6
  2439 | D:2      | Reached skill level 2 in Unarmed Combat
  3047 | D:3      | Reached XP level 5. HP: 22/35 MP: 8/8
  3832 | D:3      | Reached skill level 3 in Unarmed Combat
  4281 | D:3      | Found a snail-covered altar of Cheibriados.
  4291 | D:3      | Found a bloodstained altar of Trog.
  4292 | D:3      | Found a white marble altar of Elyvilon.
  4434 | D:3      | Found an ancient bone altar of Kikubaaqudgha.
  4718 | D:4      | Noticed a phantom
  4748 | D:5      | Entered Level 5 of the Dungeon
  4776 | D:5      | Reached XP level 6. HP: 39/42 MP: 9/9
  4862 | D:5      | Noticed a black bear
  4927 | D:5      | Reached skill level 4 in Unarmed Combat
  5005 | D:5      | Noticed a water moccasin
  5009 | D:5      | Noticed Ijyb
  5012 | D:5      | Killed a water moccasin
  5016 | D:5      | Killed Ijyb
  5182 | D:5      | Reached skill level 5 in Unarmed Combat
  5182 | D:5      | Reached XP level 7. HP: 46/46 MP: 11/11
  5291 | D:5      | Found a stormy altar of Qazlal.
  5293 | D:5      | Noticed a water elemental
  5294 | D:5      | Noticed an air elemental
  5294 | D:5      | Noticed a fire elemental
  5490 | D:5      | Reached skill level 6 in Unarmed Combat
  5639 | D:4      | Found a sparkling altar of Nemelex Xobeh.
  5819 | D:4      | Noticed Robin
  5837 | D:4      | Killed Robin
  6202 | D:4      | Reached XP level 8. HP: 41/54 MP: 13/13
  6466 | D:6      | Found a glowing golden altar of the Shining One.
  6619 | D:6      | Slain by an orc warrior

Illustrated notes

Levels and vault maps discovered:
D:1:      dpeg_arrival_rooms_c, layout_loops_corners,
          shapermc_ecumenical_altar_mp_vishouse, minmay_cut_off
D:2:      minmay_skewed_foursquare, layout_basic, serial_glass, glass_columns_c,
          glass_columns_a, basic_altar
D:3:      layout_loops_corners, lemuel_round_altar, minitemple
D:4:      layout_loops_ring, mainiacjoe_overflow_tiny_flanked, uniq_robin
D:5:      layout_basic, nicolae_qazlal_style_of_elements, uniq_ijyb
D:6:      layout_loops_corners, nicolae_gozag_zags_fifth_avenue,
          yredelemnul_forgotten_temple_becter, pdpol_wu_jian_five_deadly_venoms,
          nicolae_overflow_crystal_walls, chequers_ossuary_entry_cave

Skill      XL: |  1  2  3  4  5  6  7 |
---------------+----------------------+-----
Spellcasting   | 1 2 3 |  3.6
Fighting       | 2 3 4 |  4.2
Unarmed Combat | 1 2 3 5 6 |  6.9
Dodging        | |  2.3
Stealth        | |  1.3
Evocations     | |  3.2

Action                   |  1- 3 |  4- 6 |  7- 9 || total
-------------------------+-------+-------+-------++-------
Melee: Unarmed           |   114 |    99 |    72 ||   285
       Constrict         |    28 |    27 |    16 ||    71
       Tentacles         |    30 |    18 |    13 ||    61
       Punch             |     2 |     5 |     3 ||    10
Evoke: Wand              |     3 |    19 |     9 ||    31
 Stab: Sleeping          |     8 |     2 |     2 ||    12
Armor: Skin              |     8 |    10 |     2 ||    20
Dodge: Dodged            |    67 |    56 |    46 ||   169
